 Dungeon Crawl Stone Soup version 0.28.0-45-g0d030f2227 (webtiles) character file.

Game seed: 11217284551276015491

33 NinjaNoafa the Skirmisher (level 3, -3/33 HPs)
             Began as a Minotaur Fighter on Apr 7, 2022.
             Slain by a gnoll
             ... wielding a +0 spear
              (6 damage)
             ... on level 2 of the Dungeon.
             The game lasted 00:01:55 (801 turns).

NinjaNoafa the Skirmisher (Minotaur Fighter)         Turns: 801, Time: 00:01:57

Health: -3/33      AC:  8    Str: 22    XL:     3   Next: 12%
Magic:  2/2        EV:  9    Int:  5    God:
Gold:   51         SH:  4    Dex:  9    Spells: 2/2 levels left

rFire   . . .      SeeInvis .   l - +1 dagger (drain)
rCold   . . .      Faith    .   c - +0 buckler
rNeg    . . .      Spirit   .   b - +1 scale mail
rPois   .          Reflect  .   (helmet restricted)
rElec   .          Harm     .   (no cloak)
rCorr   +          Rampage  .   (no gloves)
Will    .....                   (no boots)
Stlth   ..........              h - amulet of the acrobat
HPRegen 0.11/turn               e - ring of resist corrosion
MPRegen 0.08/turn               (no ring)

@: brilliant
A: horns 2, retaliatory headbutt
a: no special abilities


You were on level 2 of the Dungeon.
You visited 1 branch of the dungeon, and saw 2 of its levels.

You collected 51 gold pieces.

Inventory:

Hand Weapons
 a - a +0 long sword
 l - a +1 dagger of draining (weapon)
Armour
 b - a +1 scale mail (worn)
 c - a +0 buckler (worn)
Jewellery
 e - a ring of resist corrosion (left hand)
 h - an amulet of the acrobat (around neck)
Scrolls
 i - 2 scrolls of enchant armour
Potions
 d - a potion of might


   Skills:
 + Level 4.0 Fighting
 * Level 1.0(1.9) Short Blades
 - Level 2.7(2.9) Long Blades
 + Level 4.0 Armour
 + Level 4.0 Shields


You had 2 spell levels left.
You didn't know any spells.
Your spell library was empty.

Dungeon Overview and Level Annotations

Branches:
Dungeon (2/15)

Altars:


Innate Abilities, Weirdness & Mutations

You have a pair of horns on your head.
You reflexively headbutt those who attack you in melee.


Message History

You are too injured to fight recklessly!
You are too injured to fight recklessly!
You are too injured to fight recklessly!
You are too injured to fight recklessly!
It was a potion of brilliance.
You feel clever all of a sudden. The gnoll hits you but does no damage.
The gnoll hits you with a +0 spear.
* * * LOW HITPOINT WARNING * * *
The gnoll hits you but does no damage.
Okay, then.
As you read the scroll labelled BICUIT KIOSM, it crumbles to dust.
It is a scroll of enchant armour.
Your +0 scale mail glows green for a moment.
The gnoll hits you from afar with a +0 spear.
* * * LOW HITPOINT WARNING * * *
The gnoll barely misses you. The gnoll closely misses you.
As you read the scroll labelled PEHISK AZOFFI, it crumbles to dust.
The scroll dissolves into smoke.
It was a scroll of fog.
The gnoll barely misses you. You block the gnoll's attack.
The gnoll hits you but does no damage. The gnoll misses you. x2
You see here a +0 club.
You hit the endoplasm.
The endoplasm is moderately wounded.
The endoplasm hits you but does no damage.
The gnoll hits you but does no damage.
Okay, then.
As you read the scroll labelled IPHUSI LOISYCS, it crumbles to dust.
You feel aware of your surroundings.
It was a scroll of magic mapping.
The endoplasm barely misses you.
The gnoll hits you from afar with a +0 spear.
* * * LOW HITPOINT WARNING * * *
The gnoll hits you but does no damage.
As you read the scroll labelled AMNOLO LOQENER, it crumbles to dust.
You hear a loud clanging noise!
It was a scroll of noise.
You hear a shout!
The endoplasm hits you but does no damage.
The gnoll hits you from afar with a +0 spear.
You die...

*..## *#..#
#####§g#
#...§§§##
##***###
#...§§§§#
#.,,,..#
#...§§§§#
#(####.#
#...§§g§##
#.#..#.#
*#....gg.J#
#....#.###
#......§§@#
##......<#
#...#####.##
#.#######
#...* #..#
#......#
#..,* #..#
#..###.#
#.,,*
##(###....#.#
*****
#..#######.#
##>........#
###########


You could see 3 gnolls and an endoplasm.

Vanquished Creatures
  A gnoll (D:2)
  2 endoplasms (D:1)
  A giant cockroach (D:1)
  5 goblins
  A hobgoblin (D:1)
  2 jackals (D:1)
  2 kobolds (D:1)
  3 quokkas (D:1)
  A frilled lizard (D:1)
  2 rats (D:1)
20 creatures vanquished.

Notes
Turn   | Place    | Note
-------+----------+-------------------------------------------
     0 | D:1      | NinjaNoafa the Minotaur Fighter began the quest for the
                  | Orb.
     0 | D:1      | Reached XP level 1. HP: 19/19 MP: 0/0
    96 | D:1      | Found a faded altar of an unknown god.
   104 | D:1      | Reached XP level 2. HP: 27/27 MP: 1/1
   789 | D:2      | Reached skill level 1 in Short Blades
   789 | D:2      | Reached XP level 3. HP: 25/33 MP: 2/2
   801 | D:2      | Slain by a gnoll

Illustrated notes

Levels and vault maps discovered:
D:1:      lightli_arrival_chessboard, layout_rooms,
          hellmonk_ecumenical_altar_run_dry, palyth_stone_intersect,
          chequers_serial_rivers_large_b
D:2:      layout_basic

Skill      XL: |  1  2 |
---------------+-------+-----
Fighting       | 4 |  4.0
Armour         | 4 |  4.0
Shields        | 4 |  4.0
Short Blades   | 1 |  1.0
Long Blades    | |  2.7

Action                   || total
-------------------------++-------
Melee: Long sword        ||    21
       Dagger            ||    30
       Headbutt          ||     3
  Use: Scroll            ||     4
       Potion            ||     1
Armor: Scale mail        ||    23
Dodge: Dodged            ||    26
Block: Buckler           ||    15
